 Dungeon Crawl Stone Soup version 0.31-a0-986-g5e6e4ef867 (webtiles) character file.

Game seed: 18202195387679085541

115 Coron the Covered (level 4, -1/34 (40) HPs)
             Began as a Minotaur Berserker on Nov 4, 2023.
             Was a Believer of Trog.
             Slain by a wight
             ... wielding a +5 short sword
              (4 damage)
             ... on level 6 of the Dungeon.
             The game lasted 00:07:35 (2142 turns).

Coron the Covered (Minotaur Berserker)              Turns: 2142, Time: 00:07:36

HP:   -1/34 (40)    AC:  9    Str: 24    XL:     4   Next: 68%
MP:   3/3           EV: 10    Int:  4    God:    Trog [**....]
Gold: 165           SH:  0    Dex:  9    Spells: 3/3 levels left

rFire   . . .        a - +0 hand axe
rCold   . . .        (no shield)
rNeg    + . .        g - +1 scale mail
rPois   .            (helmet restricted)
rElec   .            u - +0 cloak
rCorr   .            (no gloves)
SInv    .            (no boots)
Will    .....        (no amulet) Stlth
                     d - +4 ring of slaying
HPRegen 0.25/turn    j - ring of positive energy
MPRegen 0.08/turn

%: no passive effects
@: heavily drained
A: horns 2, retaliatory headbutt
a: Renounce Religion, Berserk, Trog's Hand


You were on level 6 of the Dungeon.
You worshipped Trog.
Trog was pleased with you.
You visited 1 branch of the dungeon, and saw 4 of its levels.

You collected 165 gold pieces.

Inventory:

Hand Weapons
 a - a +0 hand axe (weapon)
 m - a +0 dagger of venom
 q - a +0 sling
Missiles
 h - 22 stones
Armour
 b - a +0 animal skin
 g - a +1 scale mail (worn)
 u - a +0 cloak (worn)
Jewellery
 d - a +4 ring of slaying (left hand)
 j - a ring of positive energy (right hand)
Talismans
 f - a blade talisman
Scrolls
 c - 2 scrolls of teleportation
 e - a scroll of enchant armour
 i - a scroll of revelation {unknown}
 l - 2 scrolls of identify
 n - a scroll of immolation
 r - a scroll of vulnerability {unknown}
 t - 2 scrolls of amnesia
Potions
 k - a potion of haste {unknown}
 o - 2 potions of mutation
 p - a potion of resistance
 s - a potion of magic {unknown}
 v - a potion of ambrosia {unknown}
 w - 2 potions of heal wounds
 x - a potion of berserk rage {unknown}


   Skills:
 - Level 4.0 Fighting
 + Level 4.1 Axes
 - Level 5.0 Armour
 - Level 3.0 Dodging


You had 3 spell levels left.
You didn't know any spells.
Your spell library was empty.

Dungeon Overview and Level Annotations

Branches:
Dungeon (3/15)             Temple (0/1) D:6

Altars:
Hepliaklqana

Annotations:
D:3 3 runed translucent doors, Doj's ghost, amateur MiFi


Innate Abilities, Weirdness & Mutations

You have a pair of horns on your head.
You reflexively headbutt those who attack you in melee.


Message History

Found a stone staircase leading down.
The wight attacks as it pursues you! The wight closely misses you.
A sleepcap comes into view.
Found a staircase to the Ecumenical Temple.
You see here a +1 mace of venom.
The wight attacks as it pursues you!
The wight hits you with a +5 short sword!
You partially resist.
You feel drained. The wight attacks as it pursues you!
The wight hits you but does no damage. The sleepcap attacks as it pursues you!
The sleepcap releases spores at you but does no damage.
The sleepcap releases spores at you but does no damage.
The sleepcap barely misses you.
A wight comes into view. It is wielding a +0 hand axe.
The wight attacks as it pursues you! The wight barely misses you.
You furiously retaliate!
You headbutt the wight. The wight attacks as it pursues you!
The wight hits you with a +5 short sword!
The wight attacks as it pursues you! The wight hits you but does no damage.
Okay, then.
A gnoll comes into view. It is wielding a +0 flail.
The gnoll shouts!
You hear a shout!
The wight attacks as it pursues you!
The wight hits you with a +5 short sword!
You partially resist.
You feel drained. 2 gnolls come into view.
The gnoll shouts!
The wight attacks as it pursues you!
The wight hits you with a +5 short sword.
The gnoll hits you with a +0 flail.
* * * LOW HITPOINT WARNING * * *
The gnoll hits you but does no damage.
The gnoll moves out of view.
The wight attacks as it pursues you!
The wight hits you with a +5 short sword!
* * * LOW HITPOINT WARNING * * *
You partially resist.
You feel drained.
* * * LOW HITPOINT WARNING * * *
The wight attacks as it pursues you!
The wight hits you with a +5 short sword.
You die...

##z######..# #.# ##.# #g#
#.# #########.# ###.#####
#........f# #...zz..##
#..######g# #.8.8.8..#
#####..#### #.# ###..⌠.⌠...#
#.........###z###...8.>.8..#
#.###..##....@..#z#..⌠.⌠...#
##.#
#.............#.8.8.8..#
##z.#
##..........#.#........#
##.#.#
########.#.#.#####)...#
#z###.# #.#....z......## .##
#.## #.###.#####.>.# ## #.#
##.###.# ##.## .## ##.##
##......# #.# #.###.##
##.....### #.#


You could see a sleepcap, a wight and 2 gnolls.

Vanquished Creatures
  2 adders
  6 worms
  2 dart slugs (D:1)
  4 orcs (D:3)
  7 bats
  4 endoplasms
  2 giant cockroaches
  9 goblins
  7 hobgoblins
  4 jackals (D:2)
  6 kobolds
  A quokka (D:2)
  7 ball pythons
  3 frilled lizards
  3 rats
67 creatures vanquished.

Notes
Turn   | Place    | Note
-------+----------+-------------------------------------------
     0 | D:1      | Coron the Minotaur Berserker began the quest for the Orb.
     0 | D:1      | Reached XP level 1. HP: 19/19 MP: 0/0
   340 | D:1      | Reached XP level 2. HP: 27/27 MP: 1/1
   941 | D:2      | Reached skill level 3 in Armour
   941 | D:2      | Reached XP level 3. HP: 32/33 MP: 2/2
  1161 | D:2      | Reached ** piety under Trog
  1285 | D:2      | Reached skill level 4 in Armour
  1295 | D:2      | Reached XP level 4. HP: 39/40 MP: 3/3
  1677 | D:3      | Noticed Doj's ghost (amateur MiFi)
  1679 | D:3      | Found a runed translucent gate.
  1680 | D:3      | Found a runed translucent gate.
  1681 | D:3      | Found a runed translucent gate.
  1720 | D:3      | Identified the +5 spear "Ekipn" {flame, +Blink rC+ rN+
                  | Dex+3}
  1720 | D:3      | Identified the +0 chain mail of Surprise {Will- rCorr
                  | Dex+2}
  1899 | D:3      | Found a hazy altar of Hepliaklqana.
  1926 | D:3      | Reached skill level 5 in Armour
  2053 | D:3      | You fall into a shaft and drop 3 floors!
  2059 | D:6      | Noticed a bullfrog
  2114 | D:6      | Found a staircase to the Ecumenical Temple.
  2142 | D:6      | Slain by a wight

Illustrated notes

Levels and vault maps discovered:
D:1:      minmay_arrival_widening_spiral_narrow, layout_basic,
          chequers_serial_rivers_marsh, chequers_serial_rivers_room_b,
          hex_intersection, nicolae_titane
D:2:      layout_basic, minmay_guardbox
D:3:      layout_loops_corners, nzn_hepliaklqana_mist_gate,
          biasface_ghost_orc_armoury, uniq_sigmund
D:6:      layout_loops_corners, lemuel_doored_altar,
          minmay_temple_entry_statues_fountains

Skill      XL: |  1  2  3  4 |
---------------+-------------+-----
Fighting       | 4 |  4.0
Axes           | 4 |  4.1
Armour         | 3 4 5 |  5.0
Dodging        | 3 |  3.0

Action                     |  1- 3 |  4- 6 || total
---------------------------+-------+-------++-------
  Melee: Hand axe          |    43 |     5 ||    48
         Headbutt          |    15 |     1 ||    16
         Dagger            |    29 |    38 ||    67
    Use: Scroll            |     3 |     4 ||     7
   Stab: Sleeping          |     1 |       ||     1
 Armour: Animal skin       |    30 |       ||    30
         Scale mail        |    19 |    34 ||    53
  Dodge: Dodged            |    45 |    19 ||    64

Table legend: (Time is in decaauts)
 A = Elapsed time spent in this place.
 B = Non-inter-level travel time spent in this place.
 C = Inter-level travel time spent in this place.
 D = Time resting spent in this place.
 E = Time spent auto-exploring this place.
 F = Levels seen in this place.
 G = Mean time per level.
                   A        B        C        D        E       F      G
               +--------+--------+--------+--------+--------+-----+--------+
         Total |   2148 |   2108 |     40 |    147 |   1145 |   4 |  537.0 |
       Dungeon |   2148 |   2108 |     40 |    147 |   1145 |   4 |  537.0 |
               +--------+--------+--------+--------+--------+-----+--------+

Top non-repeatable levels by time:
     D:1: 929 daAuts
     D:2: 690 daAuts
     D:3: 439 daAuts
     D:6: 88 daAuts
